 Dungeon Crawl Stone Soup version 0.22.1-2-g9c5b331383 (webtiles) character file.

235 Ihlosi the Ducker (level 6, -2/37 HPs)
             Began as a Kobold Gladiator on Nov 30, 2018.
             Slain by a centaur (7 damage)
             ... on level 4 of the Dungeon on Dec 1, 2018.
             The game lasted 00:10:14 (4010 turns).

Ihlosi the Ducker (Kobold Gladiator)                Turns: 4010, Time: 00:10:16

Health: -2/37      AC:  5    Str: 11 (12) XL:     6   Next: 27%
Magic:  6/6        EV: 16    Int: 10      God:
Gold:   143        SH:  4    Dex: 17      Spells: 5/5 levels left

rFire    . . .     SeeInvis .   a - +0 long sword
rCold    . . .     Gourm    .   (shield restricted)
rNeg     . . .     Faith    .   b - +0 leather armour
rPois    .         Spirit   .   c - +1 helmet
rElec    +         Reflect  +   (no cloak)
rCorr    .         Harm     .   (no gloves)
MR       .....     Clarity  +   (no boots)
Stlth    +++.......             k - +4 amulet of reflection
HPRegen  0.12/turn              g - ring of wizardry
MPRegen  0.10/turn              w - +1 ring of slaying

@: very slightly contaminated, invisible
A: small, carnivore, clarity, electricity resistance
a: no special abilities


You were on level 4 of the Dungeon.
You were full.

You visited 1 branch of the dungeon, and saw 4 of its levels.

You collected 143 gold pieces.

Inventory:

Hand Weapons
 a - a +0 long sword (weapon)
 e - a +0 blowgun
 n - a +0 dagger of speed
 u - a +0 hand crossbow
Missiles
 d - 3 throwing nets (quivered)
 h - 9 poisoned needles
 t - 20 bolts
Armour
 b - a +0 leather armour (worn)
 c - a +1 helmet (worn)
Jewellery
 g - a ring of wizardry (left hand)
 k - a +4 amulet of reflection (around neck)
 q - an uncursed ring of fire
 w - a +1 ring of slaying (right hand)
Scrolls
 j - 3 scrolls of identify
 l - 2 scrolls of remove curse
 o - a scroll of teleportation
Potions
 r - a potion of mutation
 v - a potion of lignification
Comestibles
 f - 3 rations


   Skills:
 * Level 3.4 Fighting
 + Level 3.5 Long Blades
 - Level 2.1 Throwing
 - Level 1.0 Armour
 + Level 4.5 Dodging
 * Level 4.0 Stealth


You had 5 spell levels left.
You didn't know any spells.
Your spell library contained the following spells:

 Spells                   Type           Power        Failure   Level  Hunger
 Corona                   Hex            #......      21%         1    ##.....
 Ensorcelled Hibernation  Hex/Ice        #.....       28%         2    ###....
 Confuse                  Hex            #.......     50%         3    ####...
 Dazzling Spray           Conj/Hex       #.....       50%         3    ####...
 Tukima's Dance           Hex            #.......     50%         3    ####...


Dungeon Overview and Level Annotations

Branches:
Dungeon (4/15)
 Temple: D:4-7

Altars:
Fedhas
Gozag
Ru

Annotations:
D:2 phantom


Innate Abilities, Weirdness & Mutations

You are small and have problems with some larger weapons.
You are carnivorous and can eat meat at any time.
You possess an exceptional clarity of mind.
You are resistant to electric shocks. (rElec)


Message History

* * * LOW HITPOINT WARNING * * *
The centaur barely misses you.
You riposte.
You barely miss the centaur.
The centaur is heavily wounded.
The hound skeleton bites you but does no damage.
You feel better. The centaur hits you.
* * * LOW HITPOINT WARNING * * *
The hound skeleton bites you.
* * * LOW HITPOINT WARNING * * *
You fade into invisibility!
The centaur closely misses you. The hound skeleton closely misses you.
You block the centaur's attack.
You are very lightly contaminated with residual magic.
You hit the centaur.
The centaur is severely wounded.
The hound skeleton barely misses you.
You riposte.
You strike the helpless hound skeleton from behind!
You slash the hound skeleton!
The hound skeleton is heavily damaged.
The centaur hits you!
You die...

#..####.##.###...
#.#..........#....
....(.(<..........
..................
##...........(....
##...............
####............
#......?(........
..####...@Z......
........c......
##.............
##.##......... ...
#......... ...#
#......... ...
#.........
##........


You could see a centaur and a hound skeleton.

Vanquished Creatures
  A phantom (D:2)
  4 adders
  4 gnolls
  4 dart slugs
  2 leopard geckos
  5 giant cockroaches
  9 goblins
  5 hobgoblins
  4 jackals (D:1)
  A ball python (D:1)
  4 bats
  A frilled lizard (D:1)
  7 kobolds
  12 rats
63 creatures vanquished.

Notes
Turn   | Place    | Note
-------+----------+-------------------------------------------
     0 | D:1      | Ihlosi the Kobold Gladiator began the quest for the Orb.
     0 | D:1      | Reached XP level 1. HP: 12/12 MP: 1/1
    71 | D:1      | Reached XP level 2. HP: 9/17 MP: 2/2
   254 | D:1      | Reached skill level 1 in Stealth
   434 | D:1      | Reached XP level 3. HP: 19/22 MP: 3/3
  1189 | D:1      | You fall through a shaft!
  1301 | D:2      | Reached XP level 4. HP: 10/27 MP: 4/4
  1513 | D:2      | Reached skill level 1 in Armour
  1513 | D:2      | Noticed a phantom
  2241 | D:2      | Gained mutation: You possess an exceptional clarity of
                  | mind. [potion of mutation]
  2241 | D:2      | Gained mutation: You are resistant to electric shocks.
                  | (rElec) [potion of mutation]
  2318 | D:3      | Reached XP level 5. HP: 30/32 MP: 5/5
  2898 | D:3      | Found a blossoming altar of Fedhas.
  2900 | D:3      | Found an opulent altar of Gozag.
  2903 | D:3      | Found a sacrificial altar of Ru.
  3256 | D:4      | Noticed a centaur
  3572 | D:2      | Found a faded altar of an unknown god.
  3787 | D:2      | Killed a phantom
  3787 | D:2      | Reached XP level 6. HP: 14/37 MP: 6/6
  4010 | D:4      | Slain by a centaur

Skill      XL: |  1  2  3  4  5 |
---------------+----------------+-----
Stealth        | 1 2 4 |  4.0
Dodging        | 4 |  4.5
Armour         | 1 |  1.0
Fighting       | 3 |  3.4
Long Blades    | 3 |  3.5
Throwing       | |  2.1

Action                   |  1- 3 |  4- 6 || total
-------------------------+-------+-------++-------
Melee: Long sword        |    46 |   113 ||   159
       Whip              |   142 |       ||   142
       Dagger            |       |    18 ||    18
  Use: Scroll            |     3 |     3 ||     6
       Potion            |       |     9 ||     9
 Stab: Sleeping          |     1 |     3 ||     4
       Invisible         |       |     4 ||     4
  Eat: Chunk             |     8 |     7 ||    15
Armor: Leather armour    |    40 |    17 ||    57
Dodge: Dodged            |   167 |   106 ||   273
Block: Other             |    20 |    17 ||    37
       Rpst.: Long sword |    14 |    27 ||    41
